 Dungeon Crawl Stone Soup version 0.30.1 (webtiles) character file.

Game seed: 2142689719830242620

107 Arctor the Insei (level 4, 0/29 HPs)
             Began as an Octopode Transmuter on July 5, 2023.
             Frozen to death by an endoplasm (1 damage)
             ... on level 4 of the Dungeon.
             The game lasted 00:02:43 (2412 turns).

Arctor the Insei (Octopode Transmuter)              Turns: 2412, Time: 00:02:44

Health: 0/29       AC:  1    Str:  8    XL:     4   Next: 86%
Magic:  7/7        EV: 14    Int: 14    God:
Gold:   91         SH:  0    Dex: 18    Spells: 7/8 levels left

rFire   . .          .
                       - Unarmed
rCold   . . .        (no shield)
rNeg    . . .        (helmet restricted)
rPois   .            (no amulet)
rElec   .            (no ring)
rCorr   .            (no ring)
SInv    .            (no ring)
Will    .....        (no ring)
Stlth   +++          (no ring)
HPRegen 0.24/turn    (no ring)
MPRegen 0.10/turn    (no ring)
                     (no ring)

%: no passive effects
@: no status effects
A: almost no armour, amphibious, 8 rings, camouflage 1, gelatinous body 1,
(nimble swimmer 1), tentacles, agile 1
a: no special abilities


You were on level 4 of the Dungeon.
You visited 1 branch of the dungeon, and saw 4 of its levels.

You collected 91 gold pieces.

Inventory:

Hand Weapons
 h - a +2 short sword of holy wrath
Missiles
 l - a throwing net
Jewellery
 m - a ring of poison resistance
Scrolls
 b - 4 scrolls of identify {unknown}
 d - a scroll of fog {unknown}
 f - a scroll of enchant weapon {unknown}
 i - a scroll of teleportation {unknown}
 k - 2 scrolls of vulnerability {unknown}
Potions
 a - a potion of magic {unknown}
 c - 2 potions of heal wounds {unknown}
 e - a potion of curing {unknown}
 g - 2 potions of resistance {unknown}
 j - a potion of berserk rage {unknown}
 n - 2 potions of brilliance {unknown}


   Skills:
 + Level 2.0 Fighting
 + Level 2.7 Dodging
 + Level 3.5 Unarmed Combat
 + Level 2.6 Spellcasting
 + Level 2.8 Transmutations


You had 7 spell levels left.
You knew the following spells:

 Your Spells              Type           Power      Damage    Failure   Level
a - Beastly Appendage     Tmut           18%        N/A       7%          1

Your spell library contained the following spells:

 Spells                   Type           Power      Damage    Failure   Level
 Wereblood                Tmut           9%         N/A       11%         2
 Spider Form              Tmut/Pois      5%         N/A       36%         3
 Ice Form                 Ice/Tmut       5%         N/A       77%         4


Dungeon Overview and Level Annotations

Branches:
Dungeon (4/15)
 Temple: D:4-7

Altars:

Shops:
D:1 [(**


Innate Abilities, Weirdness & Mutations

You cannot wear most types of armour.
You are amphibious.
You can wear up to eight rings at the same time.
Your skin changes colour to match your surroundings (Stealth+).
Your rubbery body absorbs attacks. (AC +1, EV +1)
((You are camouflaged when in or above water. (Stealth+)))
You have tentacles for arms and can constrict up to eight enemies at once.
You are agile. (Dex +4, Str/Int -1)


Message History

Unknown command.
You release your grip on the gnoll.
The gnoll attacks as you move away! The gnoll closely misses you.
The gnoll hits you from afar with a +0 spear.
Your transformation is almost over.
There is an open door here.
You close the door.
A gnoll opens the door.
Your tentacle spike disappears.
Found a ring mail.
The gnoll hits you from afar with a +0 spear.
You see here a +0 ring mail.
Found a fuming sapphire potion.
You see here a fuming sapphire potion.
An endoplasm comes into view.
Found a stone staircase leading down.
The endoplasm quivers.
The endoplasm freezes you.
You are frozen.
The endoplasm hits you. The endoplasm attacks as you move away!
The endoplasm closely misses you.
Found a stone staircase leading down.
The gnoll misses you. The endoplasm barely misses you.
There is a stone staircase leading down here.
The gnoll hits you from afar with a +0 halberd!
Ouch! That really hurt!
* * * LOW HITPOINT WARNING * * *
The endoplasm hits you but does no damage.
You climb downwards.
Found a scroll labelled HEENLA MOEMECIUN.
There is a stone staircase leading up here.
You tentacle-slap the endoplasm.
The endoplasm is lightly wounded.
The endoplasm freezes you.
You are frozen.
* * * LOW HITPOINT WARNING * * *
You tentacle-slap the endoplasm.
The endoplasm is moderately wounded.
The endoplasm freezes you.
You are frozen.
You die...

####
#...
#...
#...
#...
#...##
#...@#
#...J#
##...#
#...#
#?...
#....
#####


You could see an endoplasm.

Vanquished Creatures
  Robin (D:2)
  An adder (D:2)
  2 worms (D:2)
  A dart slug (D:1)
  7 endoplasms
  2 giant cockroaches (D:2)
  14 goblins
  11 hobgoblins
  7 kobolds
  5 quokkas
  8 ball pythons
  5 bats
  3 frilled lizards
  6 rats
73 creatures vanquished.

Notes
Turn   | Place    | Note
-------+----------+-------------------------------------------
     0 | D:1      | Arctor the Octopode Transmuter began the quest for the Orb.
     0 | D:1      | Reached XP level 1. HP: 13/13 MP: 3/3
    87 | D:1      | Found Paluoseu's Weapon Shoppe.
   103 | D:1      | Reached XP level 2. HP: 17/18 MP: 0/5
   415 | D:1      | Found Qiarunnu's Assorted Antiques.
   699 | D:1      | Reached XP level 3. HP: 23/23 MP: 4/6
   941 | D:1      | Found Nypeonez's Assorted Antiques.
  1051 | D:1      | Found Totuttu's Antique Armour Shoppe.
  1630 | D:2      | Reached XP level 4. HP: 25/29 MP: 4/7
  1642 | D:2      | Noticed Robin
  1644 | D:2      | Gained mutation: You are agile. (Dex +4, Str/Int -1)
                  | [potion of mutation]
  1644 | D:2      | Gained mutation: You are weak. (Str -2) [potion of
                  | mutation]
  1644 | D:2      | Lost mutation: You are weak. (Str -2) [potion of mutation]
  1657 | D:2      | Killed Robin
  2411 | D:4      | HP: 1/29 [frozen (2)]
  2412 | D:4      | Frozen to death by an endoplasm

Illustrated notes

Levels and vault maps discovered:
D:1:      onia_arrival_pentagram, layout_loops_ring, serial_shops,
          nicolae_shop_back_alley_shop,
          nicolae_shop_temple_entry_statues_fountains, shop, shop
D:2:      layout_rooms, uniq_robin
D:3:      layout_loops_corners, hangedman_decor_riveting, minmay_lizard_king,
          uniq_sigmund, uniq_natasha
D:4:      layout_cave_pods, amcnicky_altar_gilded,
          minmay_temple_entry_glassed_door, serial_rivers,
          chequers_serial_rivers_large_a, chequers_serial_rivers_small_a,
          chequers_serial_rivers_micro_b, chequers_serial_rivers_large_b

Skill      XL: |  1  2  3  4 |
---------------+-------------+-----
Fighting       | 2 |  2.0
Dodging        | |  2.7
Unarmed Combat | |  3.5
Spellcasting   | |  2.6
Transmutations | |  2.8

Action                     |  1- 3 |  4- 6 || total
---------------------------+-------+-------++-------
  Melee: Unarmed           |    92 |    44 ||   136
         Kick              |    27 |    12 ||    39
         Constrict         |    27 |    10 ||    37
         Tentacles         |    15 |     7 ||    22
         Punch             |     5 |       ||     5
   Cast: Beastly Appendage |    67 |    20 ||    87
    Use: Potion            |       |     2 ||     2
   Stab: Sleeping          |     2 |     4 ||     6
 Armour: Skin              |    15 |    12 ||    27
  Dodge: Dodged            |    86 |    27 ||   113
